 Dungeon Crawl Stone Soup version 0.26-a0-639-g72c4674329 (webtiles) character file.

Game seed: 2024083373783831484

39 Colgate the Chopper (level 3, 17/34 HPs)
             Began as a Deep Dwarf Berserker on Sept 15, 2020.
             Was a Follower of Trog.
             Quit the game on level 2 of the Dungeon on Sept 16, 2020.
             The game lasted 00:13:58 (1002 turns).

Colgate the Chopper (Deep Dwarf Berserker)          Turns: 1002, Time: 00:13:59

Health: 17/34      AC:  4    Str: 20    XL:     3   Next: 28%
Magic:  3/3        EV:  6    Int:  7    God:    Trog [*.....]
Gold:   54         SH:  7    Dex: 13    Spells: 2/2 levels left

rFire    + . .     SeeInvis .   a - +0 hand axe
rCold    + . .     Faith    .   m - +0 kite shield
rNeg     + . .     Spirit   .   g - +0 leather armour
rPois    .         Reflect  .   (no helmet)
rElec    .         Harm     .   o - scarf {rC+ rF+}
rCorr    .         Rampage  .   k - +0 pair of gloves
MR       .....                  (no boots)
Stlth    +.........             (no amulet)
HPRegen  0.00/turn              j - ring of positive energy
MPRegen  0.08/turn              (no ring)

@: mildly poisoned (17 -> 17), berserk cooldown, non-regenerating, slowed,
constricted, very slow
A: damage resistance, heal wounds, sense surroundings 1, no regeneration
a: Heal Wounds, Berserk, Renounce Religion


You were on level 2 of the Dungeon.
You worshipped Trog.
Trog was aware of your devotion.
You visited 1 branch of the dungeon, and saw 2 of its levels.

You collected 54 gold pieces.

Inventory:

Hand Weapons
 a - a +0 hand axe (weapon)
Missiles
 d - 44 bolts
 f - 6 stones (quivered)
 n - 11 arrows
Armour
 b - a +0 animal skin
 g - a +0 leather armour (worn)
 k - a +0 pair of gloves (worn)
 m - a +0 kite shield (worn)
 o - a scarf of resistance (worn)
Jewellery
 j - a ring of positive energy (left hand)
Scrolls
 h - 2 scrolls of identify {unknown}
 i - a scroll of remove curse {unknown}
 l - a scroll of teleportation {unknown}
Potions
 c - a potion of magic {unknown}
 e - 3 potions of lignification {unknown}


   Skills:
 - Level 3.0 Fighting
 + Level 4.6 Axes
 - Level 2.1 Armour
 - Level 2.1 Dodging


You had 2 spell levels left.
You didn't know any spells.
Your spell library was empty.

Dungeon Overview and Level Annotations

Branches:
Dungeon (2/15)

Altars:


Innate Abilities, Weirdness & Mutations

You are resistant to damage.
You can heal yourself by infusing magical energy.
You passively map a small area around you.
You do not regenerate.


Message History

You hit the adder but do no damage. The adder bites you.
You block the adder's attack. The adder closely misses you.
You barely miss the adder. The adder bites you.
You are poisoned.
The adder poisons you! The adder closely misses you.
You closely miss the adder. The adder bites you.
A ball python comes into view.
You block the adder's attack.
You miss the adder.
The ball python hisses angrily.
The adder bites you. The adder barely misses you.
You miss the adder. The adder bites you. x2
The adder bites you but does no damage.
You hit the adder.
The adder is moderately wounded.
The adder barely misses you. The adder bites you.
You are more poisoned.
The adder poisons you! You block the ball python's attack.
The ball python grabs you. The ball python constricts you.
Are you sure you want to abandon this character and quit the game? (Confirm with "yes".)

#....##.[......# *
#.....<........##,
,
#.....†.........#
#........###....#,
#........# #....#
#....#...###....#
,,
######....##.)..#
#.......+.....# ,
#....@S.##..... ,*
#....#S.........
##...#........
####.#.#......## ,
, ,
#.............# ,
#.....###.....+
#.....#* .....#* ,
#....†# ......#
#####..# ......#,


You could see an adder and a ball python.

Vanquished Creatures
  An adder (D:2)
  2 oozes (D:1)
  A leopard gecko (D:1)
  2 giant cockroaches (D:1)
  6 hobgoblins (D:1)
  5 kobolds (D:1)
  A ball python (D:2)
  3 frilled lizards (D:1)
21 creatures vanquished.

Notes
Turn   | Place    | Note
-------+----------+-------------------------------------------
     0 | D:1      | Colgate the Deep Dwarf Berserker began the quest for the
                  | Orb.
     0 | D:1      | Reached XP level 1. HP: 20/20 MP: 1/1
    86 | D:1      | Reached XP level 2. HP: 27/27 MP: 2/2
   132 | D:1      | Reached skill level 4 in Axes
   613 | D:1      | Reached XP level 3. HP: 26/34 MP: 3/3
  1002 | D:2      | Quit the game

Illustrated notes

Levels and vault maps discovered:
D:1:      dpeg_arrival_round_a, layout_basic
D:2:      wander_river, layout_basic, old_standard_altar,
          chequers_serial_rivers_micro_b, uniq_sigmund

Skill      XL: |  1  2 |
---------------+-------+-----
Axes           | 4 |  4.6
Fighting       | 3 |  3.0
Armour         | |  2.1
Dodging        | |  2.1

Action                   || total
-------------------------++-------
Melee: Hand axe          ||    51
Throw: Stone             ||    15
Invok: Berserk           ||    11
Armor: Leather armour    ||     5
       Animal skin       ||     1
Dodge: Dodged            ||    21
Block: Kite shield       ||     6

Table legend: (Time is in decaauts)
 A = Elapsed time spent in this place.
 B = Non-inter-level travel time spent in this place.
 C = Inter-level travel time spent in this place.
 D = Time resting spent in this place.
 E = Time spent auto-exploring this place.
 F = Levels seen in this place.
 G = Mean time per level.
                   A        B        C        D        E       F      G
               +--------+--------+--------+--------+--------+-----+--------+
         Total |   1095 |   1043 |     52 |    232 |    469 |   2 |  547.5 |
       Dungeon |   1095 |   1043 |     52 |    232 |    469 |   2 |  547.5 |
               +--------+--------+--------+--------+--------+-----+--------+

Top non-repeatable levels by time:
     D:1: 998 daAuts
     D:2: 97 daAuts
